 Dungeon Sprint DCSS version 0.17-a0-1655-g88a8506 (webtiles) character file.

277 Kidiri the Thaumaturge (level 6, -2/32 HPs)
             Began as a Deep Elf Ice Elementalist on Aug 15, 2015.
             Was an Elder of Vehumet.
             Slain by an iguana (13 damage)
             ... in the Dungeon (Sprint VII: "The Pits").
             The game lasted 00:07:09 (1400 turns).

Kidiri the Thaumaturge (Deep Elf Ice Elementalist)  Turns: 1400, Time: 00:07:09

Health: -2/32      AC:  2    Str:  5    XL:     6   Next: 4%
Magic:  2/19       EV: 17    Int: 22    God:    Vehumet [****..]
Gold:   0          SH:  0    Dex: 15    Spells: 7 memorised, 2 levels left

rFire  . . .     SeeInvis .     q - +2 dagger
rCold  . . .     Clarity  .     a - +0 robe
rNeg   . . .     SustAt   .     (no shield)
rPois  .         Gourm    .     (no helmet)
rElec  .         Spirit   .     (no cloak)
rCorr  .         Warding  .     (no gloves)
rMut   .         NoTele   +     (no boots)
MR     .....                    (no amulet)
Stlth  +++.......               (no ring)
                                (no ring)

@: very slightly contaminated, not resistant to hostile enchantments, fairly
stealthy
A: no striking features
a: Renounce Religion


You were in the Dungeon.
You worshipped Vehumet.
Vehumet was greatly pleased with you.
You were not hungry.

You visited 1 branch

Inventory:

Hand weapons
 q - a +2 dagger (weapon)
Armour
 a - a +0 robe (worn)
Scrolls
 i - a scroll of blinking
 n - 3 scrolls of remove curse
 o - 5 scrolls of amnesia
 p - a scroll of summoning
Potions
 d - 6 potions of curing
 e - 5 potions of heal wounds
 f - a potion of haste
 g - 3 potions of magic
 h - 3 potions of berserk rage
 m - 2 potions of invisibility
Books
 b - a book of Frost

   Spells                             Type                      Level
   a - Freeze                         Ice                          1
   b - Throw Frost                    Conjuration/Ice              2
   c - Ozocubu's Armour               Charms/Ice                   3
   d - Throw Icicle                   Conjuration/Ice              4
   e - Summon Ice Beast               Ice/Summoning                4
   f - Condensation Shield            Ice                          4
Comestibles
 c - 7 bread rations
 k - 40 fruits
 l - 7 meat rations


   Skills:
 + Level 2.6 Short Blades
 + Level 3.1 Armour
 * Level 7.7 Dodging
 + Level 5.6 Stealth
 * Level 8.4 Spellcasting
 + Level 3.0 Conjurations
 + Level 4.1 Charms
 + Level 1.6 Summonings
 + Level 5.4 Ice Magic
 + Level 2.6 Poison Magic


You had 2 spell levels left.
You knew the following spells:

 Your Spells              Type           Power        Failure   Level  Hunger
a - Freeze                Ice            ####         1%          1    None
b - Throw Frost           Conj/Ice       ####..       1%          2    None
c - Ozocubu's Armour      Chrm/Ice       ####....     3%          3    None
d - Condensation Shield   Ice            ####......   10%         4    ###....
e - Throw Icicle          Conj/Ice       ####....     4%          4    ###....
f - Summon Ice Beast      Ice/Summ       ###.....     17%         4    ###....
g - Sting                 Conj/Pois      ###.         1%          1    None


Dungeon Overview and Level Annotations

Branches:
Dungeon (1/1)

Altars:
Ashenzari
Cheibriados
Dithmenos
Elyvilon
Fedhas
Gozag
Kikubaaqudgha
Makhleb
Nemelex Xobeh
Okawaru
Qazlal
Ru
Sif Muna
Trog
Vehumet
Xom
Yredelemnul
Zin
The Shining One
Beogh
Jiyva
Lugonu


Message History

The shard of ice hits the iguana.
The iguana is almost dead.
You hit the iguana but do no damage.
The iguana is almost dead.
You hit the iguana but do no damage.
The iguana is almost dead.
The iguana bites you.
You barely miss the iguana.
The iguana is almost dead.
The iguana barely misses you.
You hit the iguana but do no damage.
The iguana is almost dead.
The iguana bites you.
You hit the iguana but do no damage.
The iguana is almost dead.
The iguana bites you!
You closely miss the iguana.
The iguana is almost dead.
The iguana bites you!
You die...

#_#)))#.#?(##.....
#######+#####.....
#..).).)....'.....
#'#####+#####.....
#.#..#..#..##.....
#.#.%+..+%.#####+#
#.##+####+###.....
#.#........##.....
#@#........##.....
#l#####+#####...<.
#)#...)))[.##.....
#)#...)))[.##.....
#'###########.....
#.......# ######
#...l...#
#...#...#
#..###..#


You could see an iguana.

Vanquished Creatures
  2 brain worms (D)
  A gnoll sergeant (D)
  2 river rats (D)
  5 gnolls (D)
  An ufetubus (D)
  A worm (D)
  A bat skeleton (D)
  2 giant cockroaches (D)
  A ball python (D)
  A quokka skeleton (D)
  2 rats (D)
19 creatures vanquished.

Notes
Turn   | Place    | Note
--------------------------------------------------------------
     0 | D        | Kidiri the Deep Elf Ice Elementalist began the quest for the Orb.
     0 | D        | Reached XP level 1. HP: 10/10 MP: 6/6
    45 | D        | Found a sacrificial altar of Ru.
    45 | D        | Found a basalt altar of Yredelemnul.
    45 | D        | Found a shadowy altar of Dithmenos.
    45 | D        | Found a deep blue altar of Sif Muna.
    45 | D        | Found a burning altar of Makhleb.
    45 | D        | Found a shimmering altar of Xom.
    45 | D        | Found an ancient bone altar of Kikubaaqudgha.
    45 | D        | Found a sparkling altar of Nemelex Xobeh.
    49 | D        | Found a bloodstained altar of Trog.
    49 | D        | Found a corrupted altar of Lugonu.
    49 | D        | Found a viscous altar of Jiyva.
    62 | D        | Found a glowing golden altar of the Shining One.
    62 | D        | Found a shattered altar of Ashenzari.
    62 | D        | Found a white marble altar of Elyvilon.
    62 | D        | Found a snail-covered altar of Cheibriados.
    62 | D        | Found a blossoming altar of Fedhas.
    62 | D        | Found a radiant altar of Vehumet.
    62 | D        | Found a glowing silver altar of Zin.
    62 | D        | Found a roughly hewn altar of Beogh.
    62 | D        | Found an iron altar of Okawaru.
    71 | D        | Found a stormy altar of Qazlal.
    71 | D        | Found an opulent altar of Gozag.
    73 | D        | Became a worshipper of Vehumet
    99 | D        | Noticed a brain worm
   105 | D        | Killed a brain worm
   105 | D        | Reached skill level 5 in Dodging
   105 | D        | Reached skill level 6 in Spellcasting
   105 | D        | Reached XP level 2. HP: 15/15 MP: 1/11
   105 | D        | Reached XP level 3. HP: 19/19 MP: 1/12
   105 | D        | Reached XP level 4. HP: 24/24 MP: 1/14
   109 | D        | Learned a level 2 spell: Throw Frost
   113 | D        | Learned a level 3 spell: Ozocubu's Armour
   118 | D        | Learned a level 4 spell: Condensation Shield
   123 | D        | Learned a level 4 spell: Throw Icicle
   202 | D        | Acquired Vehumet's first power
   202 | D        | Offered knowledge of Sting by Vehumet.
   210 | D        | Learned a level 1 spell: Sting
   296 | D        | Noticed a brain worm
   298 | D        | Reached skill level 1 in Charms
   313 | D        | Offered knowledge of Throw Flame by Vehumet.
   539 | D        | Killed a brain worm
   539 | D        | Offered knowledge of Inner Flame by Vehumet.
   539 | D        | Reached skill level 1 in Short Blades
   539 | D        | Reached skill level 5 in Stealth
   539 | D        | Reached skill level 7 in Spellcasting
   539 | D        | Reached skill level 5 in Ice Magic
   539 | D        | Reached skill level 1 in Poison Magic
   539 | D        | Reached XP level 5. HP: 28/28 MP: 12/17
   585 | D        | Learned a level 4 spell: Summon Ice Beast
   700 | D        | Noticed a gnoll sergeant
   716 | D        | Killed a gnoll sergeant
   716 | D        | Acquired Vehumet's second power
   716 | D        | Reached skill level 8 in Spellcasting
   716 | D        | Reached skill level 1 in Summonings
   999 | D        | Offered knowledge of Sticky Flame by Vehumet.
  1007 | D        | Acquired Vehumet's third power
  1010 | D        | Reached XP level 6. HP: 11/32 MP: 7/19
  1327 | D        | Offered knowledge of Bolt of Magma by Vehumet.
  1381 | D        | Noticed an iguana
  1400 | D        | Slain by an iguana

Vault maps used:
D:        pitsprint

Action                   |  1- 3 |  4- 6 || total
-------------------------+-------+-------++-------
Melee: Dagger            |       |    20 ||    20
 Cast: Freeze            |     5 |     6 ||    11
       Throw Frost       |       |     7 ||     7
       Throw Icicle      |       |    17 ||    17
       Ozocubu's Armour  |       |     1 ||     1
       Sting             |       |     1 ||     1
  Use: Potion            |       |     2 ||     2
 Stab: Sleeping          |       |     2 ||     2
  Eat: Bread ration      |       |     1 ||     1
